[Event "Titled Tuesday Blitz April 12 Early 2022"]
[White "Narayanan.S.L"]
[Black "Meshkovs, Nikita"]
[WhiteFideId "5058422"]
[BlackFideId "11602740"]
[WhiteElo "2494"]
[BlackElo "2506"]
[Result "1/2-1/2"]
[Round "03"]
[TimeControl "180+1"]
[Date "2022.04.12"]
[WhiteClock "0:00:22"]
[BlackClock "0:00:06"]

1. Nf3 d5 2. g3 Nd7 3. d4 Nb6 4. Bg2 Bf5 5. O-O e6 6. Bg5 Be7 7. Bxe7 Nxe7 8. Nbd2 O-O 9. Rc1 Na4 10. c3 b5 11. b3 Nb6 12. Ne5 Rc8 13. e4 dxe4 14. Nxe4 Bxe4 15. Bxe4 c5 16. dxc5 Rxc5 17. Nd3 Rc7 18. Nf4 Qxd1 19. Rfxd1 Rfc8 20. Rd6 g6 21. Kg2 Kf8 22. Bd3 Ned5 23. Nxd5 Nxd5 24. Bxb5 Nxc3 25. Ba6 Ne4 26. Rxc7 Rxc7 27. Rd4 Nc5 28. Bc4 Ke7 29. Kf3 g5 30. Ke3 h6 31. a4 a5 32. f4 Rb7 33. fxg5 hxg5 34. Rg4 Kf6 35. h4 gxh4 36. gxh4 Nxb3 37. h5 Nc5 38. h6 Rb8 39. h7 Rh8 40. Kd4 Nxa4 41. Bd3 e5+ 42. Ke3 e4 43. Bxe4 Nc5 44. Rg8 Nxe4 45. Rxh8 Ng5 46. Kf4 a4 47. Kg4 a3 48. Ra8 Nxh7 49. Rxa3 Kg6 50. Ra6+ f6 51. Kf4 Ng5 52. Rb6 Nf7 53. Ke4 Ng5+ 54. Kd5 Kf5 55. Rb1 Kg6 56. Rf1 Nf7 57. Ke6 Ng5+ 58. Ke7 Ne4 59. Rf4 f5 60. Ke6 Ng3 61. Rf3 Ne2 62. Ke5 f4 63. Rf2 Ng3 64. Rxf4 Kg5 65. Rf3 Kg4 66. Ra3 Ne2 67. Ke4 Ng3+ 68. Ke5 Ne2 69. Rb3 Ng3 70. Rb8 Kf3 71. Rf8+ Ke3 72. Rf4 Ne2 73. Ra4 Kd3 74. Ra3+ Nc3 75. Ra8 Kc4 76. Rc8+ Kd3 77. Rc7 Ne2 78. Rd7+ Kc4 79. Rh7 Nc3 80. Kf4 Kd3 81. Rh3+ Kc4 82. Ke3 Nd5+ 83. Kd2 Kd4 84. Rh4+ Ke5 85. Kd3 Nf4+ 86. Kc4 Ne6 87. Rh1 Nf4 88. Re1+ Kf5 89. Kd4 Ne6+ 90. Kd5 Nf4+ 91. Kd6 Nd3 92. Re3 Nf4 93. Re5+ Kg4 94. Ra5 Kf3 95. Ke5 Nd3+ 96. Kd4 Nf4 97. Rf5 Kg4 98. Ke4 Ne6 99. Rf6 Ng5+ 100. Ke3 Nh7 101. Rf7 Ng5 102. Rf4+ Kh5 103. Ra4 Kg6 104. Kf4 Kf6 105. Ra6+ Ne6+ 106. Ke4 Ke7 107. Ke5 Nc7 108. Ra7 Kd7 109. Rxc7+ Kxc7 1/2-1/2


[Site "https://www.chess.com"]

[Event "Titled Tuesday Blitz April 12 Early 2022"]
[White "Nguyen Hong Nhung"]
[Black "Zhu, Jiner"]
[WhiteFideId "12412201"]
[BlackFideId "8608059"]
[WhiteElo "1758"]
[BlackElo "2281"]
[Result "0-1"]
[Round "03"]
[TimeControl "180+1"]
[Date "2022.04.13"]
[WhiteClock "0:00:05"]
[BlackClock "0:00:10"]

1. e4 c5 2. Nc3 Nc6 3. Bb5 Nd4 4. Bc4 e6 5. Nge2 g6 6. O-O Bg7 7. d3 Ne7 8. f4 O-O 9. Nxd4 cxd4 10. Ne2 d5 11. Bb3 dxe4 12. dxe4 b6 13. Ng3 Ba6 14. Rf3 Rc8 15. f5 exf5 16. exf5 Nd5 17. Ne4 Ne3 18. Bxe3 dxe3 19. Qe1 Qd4 20. Ng5 e2+ 21. Kh1 Bf6 22. Nxf7 Rxf7 23. fxg6 hxg6 24. c3 Qe5 25. Bxf7+ Kxf7 26. Qf2 Kg7 27. Re1 Rd8 28. Re3 Qc5 29. h3 Rd1 30. Rg1 Rxg1+ 31. Qxg1 Bg5 32. Re6 Qxg1+ 33. Kxg1 Bh4 34. g3 Bxg3 35. Kg2 e1=Q 36. Rxe1 Bxe1 0-1


[Site "https://www.chess.com"]

[Event "Titled Tuesday Blitz April 12 Early 2022"]
[White "Niemann, Hans Moke"]
[Black "Derjabin, Ilja"]
[WhiteFideId "2093596"]
[BlackFideId "14104768"]
[WhiteElo "2632"]
[BlackElo "2341"]
[Result "0-1"]
[Round "03"]
[TimeControl "180+1"]
[Date "2022.04.13"]
[WhiteClock "0:00:23"]
[BlackClock "0:00:21"]

1. d4 Nf6 2. Nc3 e6 3. Bf4 d5 4. Nb5 Na6 5. e3 Be7 6. Nf3 c6 7. Nc3 Nc7 8. g4 e5 9. Nxe5 Ne6 10. Bg3 Qb6 11. Rb1 Ne4 12. Nxe4 dxe4 13. c3 Ng5 14. h4 Nf3+ 15. Nxf3 exf3 16. Be2 fxe2 17. Qxe2 Be6 18. b4 Qb5 19. f3 Bc4 20. Qd2 O-O 21. e4 Rad8 22. h5 h6 23. Kf2 Rfe8 24. a4 Qxa4 25. Ra1 Qb5 26. Rxa7 Bg5 27. Bf4 Bxf4 28. Qxf4 Ra8 29. Rha1 Rxa7 30. Rxa7 Qb6 31. Ra5 Bb5 32. Qf5 Qd8 33. Kg3 Qd6+ 34. Qf4 Qe6 35. Ra7 Ba6 36. Qf5 Qc4 37. Qc5 Qf1 38. b5 Qxb5 39. Qxb5 cxb5 40. d5 f6 41. Kf4 Kf7 42. Ke3 Rc8 43. Kd4 Ke7 44. f4 Rc4+ 45. Kd3 Ra4 46. Ke3 Kd6 47. Ra8 Ra3 48. Kd4 Ra4+ 49. Ke3 Rc4 50. Rd8+ Kc7 51. Rg8 Rxc3+ 52. Kd2 b4 53. Rxg7+ Kd6 54. Rf7 Rd3+ 55. Kc1 b3 56. Rxf6+ Kc5 57. g5 Kb4 58. Kb2 Rd2+ 59. Kc1 Kc3 0-1


[Site "https://www.chess.com"]

[Event "Titled Tuesday Blitz April 12 Early 2022"]
[White "Nogerbek, Kazybek"]
[Black "Tan, Jun Ying"]
[WhiteFideId "13710427"]
[BlackFideId "5710413"]
[WhiteElo "2466"]
[BlackElo "1827"]
[Result "1-0"]
[Round "03"]
[TimeControl "180+1"]
[Date "2022.04.12"]
[WhiteClock "0:00:07"]
[BlackClock "0:00:02"]

1. c4 c5 2. Nc3 Nc6 3. Nf3 e5 4. g3 g6 5. Bg2 Bg7 6. O-O d6 7. Ne1 Be6 8. d3 Nge7 9. Nc2 d5 10. cxd5 Nxd5 11. Ne3 Nde7 12. Bd2 O-O 13. Rc1 Rc8 14. a3 b6 15. Ne4 Nd4 16. b4 Bb3 17. Qe1 f5 18. Ng5 h6 19. Nf3 f4 20. Nc4 Nc2 21. Qd1 Nd4 22. Qe1 Nc2 23. Rxc2 Bxc2 24. Ncxe5 fxg3 25. hxg3 Kh7 26. bxc5 Rxc5 27. d4 Rc8 28. Qa1 Bf5 29. Re1 Be6 30. Qd1 Bxe5 31. dxe5 Nf5 32. Qa4 Qd7 33. Qf4 Rc4 34. e4 g5 35. Nxg5+ hxg5 36. Qxg5 Ng7 37. Qh6+ Kg8 38. Bg5 Qf7 39. Bf6 Rc7 40. f4 Bd7 41. f5 Be8 42. g4 Rc2 43. Re3 Bb5 44. Rh3 Rc1+ 45. Kh2 Qc7 46. Qh7+ Kf7 47. Qxg7+ Ke8 48. Qxc7 Rxc7 49. g5 Be2 50. e6 b5 51. Re3 Bh5 52. Kg3 a5 53. e5 b4 54. axb4 axb4 55. g6 Rg8 56. Rd3 Rc8 57. Bc6+ Kf8 58. e7# 1-0


[Site "https://www.chess.com"]

[Event "Titled Tuesday Blitz April 12 Early 2022"]
[White "Nugumanov, Bakhtiyar"]
[Black "Tasev, Dejan"]
[WhiteFideId "13701797"]
[BlackFideId "936618"]
[WhiteElo "2262"]
[BlackElo "2253"]
[Result "0-1"]
[Round "03"]
[TimeControl "180+1"]
[Date "2022.04.13"]
[WhiteClock "0:00:01"]
[BlackClock "0:01:31"]

1. Nf3 Nf6 2. c4 g6 3. Nc3 Bg7 4. e4 d6 5. d4 O-O 6. Be2 c5 7. O-O Nbd7 8. d5 b5 9. cxb5 a6 10. bxa6 Bxa6 11. Bxa6 Rxa6 12. Qd3 Qa8 13. h3 Rb8 14. Re1 Ne8 15. b3 Rxb3 16. Bd2 Nc7 17. Qc2 Rb7 18. Rab1 Rab6 19. Rxb6 Rxb6 20. Rb1 Qb7 21. Rb3 Rxb3 22. Qxb3 Qxb3 23. axb3 Na6 24. Na4 Nf6 25. e5 Nxd5 26. exd6 exd6 27. Kf1 h6 28. Ke2 Kf8 29. Kd3 Ke7 30. Kc4 Ke6 31. Ne1 Nb8 32. Nd3 Nc6 0-1


[Site "https://www.chess.com"]

[Event "Titled Tuesday Blitz April 12 Early 2022"]
[White "O`Gorman, Tom"]
[Black "Horcajuelo Rocamora, Martin"]
[WhiteFideId "2508249"]
[BlackFideId "24573027"]
[WhiteElo "2247"]
[BlackElo "1822"]
[Result "1-0"]
[Round "03"]
[TimeControl "180+1"]
[Date "2022.04.13"]
[WhiteClock "0:02:20"]
[BlackClock "0:02:35"]

1. e4 e5 2. Nf3 Nc6 3. Nc3 Nf6 4. Be2 Bc5 5. Nxe5 Nxe5 6. d4 Bd6 7. dxe5 Bxe5 8. Nb5 c6 9. f4 Nxe4 10. fxe5 Qh4+ 11. g3 Nxg3 12. Nd6+ Kf8 13. hxg3 Qxh1+ 14. Kf2 Qh2+ 15. Kf3 Qh5+ 16. Kg2 Qxe5 17. Bf4 Qc5 18. Nxc8 1-0


[Site "https://www.chess.com"]

[Event "Titled Tuesday Blitz April 12 Early 2022"]
[White "Obolenskikh, Dmitry"]
[Black "Martinez Alcantara, Jose Eduardo"]
[WhiteFideId "4156013"]
[BlackFideId "3805662"]
[WhiteElo "2512"]
[BlackElo "2690"]
[Result "1/2-1/2"]
[Round "03"]
[TimeControl "180+1"]
[Date "2022.04.12"]
[WhiteClock "0:01:03"]
[BlackClock "0:00:28"]

1. e4 c5 2. Nf3 d6 3. d4 cxd4 4. Nxd4 Nf6 5. f3 e6 6. c4 Be7 7. Nc3 Nc6 8. Be3 O-O 9. Be2 d5 10. exd5 exd5 11. O-O Nxd4 12. Qxd4 Be6 13. cxd5 Nxd5 14. Nxd5 Qxd5 15. Qxd5 Bxd5 16. Rfd1 Rfd8 17. Kf2 b6 18. Ba6 Bf6 19. Rd2 Be6 20. Rc2 Bf5 21. Re2 Bd3 22. Bxd3 Rxd3 23. Rc1 h5 24. b3 Rad8 25. Rcc2 Bc3 26. h3 Kh7 27. g4 Kg6 28. Kg3 f6 29. Bf4 R8d7 30. Re3 Bb4 31. Rxd3 Rxd3 32. Rc7 h4+ 33. Kf2 Bc5+ 34. Ke2 Rc3 35. Rxa7 Rc2+ 36. Kd3 Rf2 37. Ke4 Re2+ 38. Kd3 Rf2 39. Ke4 Rf1 40. Bd2 Rf2 41. Bf4 1/2-1/2


[Site "https://www.chess.com"]

[Event "Titled Tuesday Blitz April 12 Early 2022"]
[White "Oganian, Miran"]
[Black "Sailer, Mike"]
[WhiteFideId "4122488"]
[BlackFideId "2012901"]
[WhiteElo "2357"]
[BlackElo "2109"]
[Result "1-0"]
[Round "03"]
[TimeControl "180+1"]
[Date "2022.04.12"]
[WhiteClock "0:00:14"]
[BlackClock "0:00:03"]

1. e4 d5 2. exd5 Qxd5 3. Nc3 Qd6 4. d4 Nf6 5. Nf3 c6 6. g3 Bf5 7. Bg2 e6 8. O-O Be7 9. Bf4 Qd8 10. Re1 O-O 11. h3 h6 12. Ne5 Nbd7 13. Qe2 Nxe5 14. Bxe5 a5 15. Rad1 a4 16. g4 Bh7 17. f4 a3 18. b3 Bb4 19. Qd2 Nd5 20. Bxd5 cxd5 21. f5 exf5 22. Re3 fxg4 23. Qg2 Qg5 24. Nxd5 Ba5 25. Bf4 Qh4 26. hxg4 Rae8 27. c4 Rxe3 28. Nxe3 Re8 29. Qf2 Qd8 30. Nd5 Re4 31. b4 Bxb4 32. Nxb4 1-0


[Site "https://www.chess.com"]

[Event "Titled Tuesday Blitz April 12 Early 2022"]
[White "Omelja, Artem"]
[Black "Svane, Rasmus"]
[WhiteFideId "14119846"]
[BlackFideId "4657101"]
[WhiteElo "2382"]
[BlackElo "2645"]
[Result "0-1"]
[Round "03"]
[TimeControl "180+1"]
[Date "2022.04.13"]
[WhiteClock "0:00:01"]
[BlackClock "0:00:34"]

1. d4 Nf6 2. c4 e6 3. Nf3 d5 4. Nc3 Nbd7 5. cxd5 exd5 6. Bg5 Be7 7. e3 c6 8. Bd3 h6 9. Bh4 Nh5 10. Bxe7 Qxe7 11. O-O O-O 12. Qc2 Nhf6 13. Rab1 a5 14. a3 Re8 15. Rfc1 Ne4 16. Bxe4 dxe4 17. Nd2 Nf6 18. b4 axb4 19. axb4 Bf5 20. Na4 h5 21. Nb6 Ra6 22. Qc5 Qe6 23. b5 Ra2 24. Nf1 Ng4 25. bxc6 bxc6 26. Rc2 Bg6 27. Rxa2 Qxa2 28. Rc1 Qxf2+ 29. Kh1 Nxe3 30. Nxe3 Qxe3 31. Qxc6 Re6 32. Qc8+ Kh7 33. Nd7 Re8 34. Qc5 Qd2 35. Ne5 e3 36. Qc3 Ra8 37. h3 Qxc3 0-1


[Site "https://www.chess.com"]

[Event "Titled Tuesday Blitz April 12 Early 2022"]
[White "Onslow, Alfie"]
[Black "Vinod, Kumar Sharma"]
[WhiteFideId "436976"]
[BlackFideId "5013518"]
[WhiteElo "1884"]
[BlackElo "2154"]
[Result "1-0"]
[Round "03"]
[TimeControl "180+1"]
[Date "2022.04.13"]
[WhiteClock "0:01:52"]
[BlackClock "0:01:17"]

1. e4 c5 2. Nc3 d6 3. d4 cxd4 4. Qxd4 Nc6 5. Qd2 Nf6 6. b3 g6 7. Bb2 Bg7 8. O-O-O O-O 9. f4 a6 10. Nf3 b5 11. Bd3 Bb7 12. Nd5 Nxd5 13. exd5 Bxb2+ 14. Kxb2 Nb8 15. h4 Bxd5 16. h5 e6 17. Qc3 Nd7 18. hxg6 fxg6 19. Rxh7 Kxh7 20. Rh1+ Kg8 21. Qh8+ Kf7 22. Rh7+ Ke8 23. Bxg6# 1-0


[Site "https://www.chess.com"]

[Event "Titled Tuesday Blitz April 12 Early 2022"]
[White "Ozer, Omer Faruk"]
[Black "Iljin, Timofey"]
[WhiteFideId "6354564"]
[BlackFideId "14110180"]
[WhiteElo "2050"]
[BlackElo "2396"]
[Result "0-1"]
[Round "03"]
[TimeControl "180+1"]
[Date "2022.04.13"]
[WhiteClock "0:00:15"]
[BlackClock "0:00:30"]

1. e4 d5 2. exd5 Nf6 3. d4 Bg4 4. Be2 Bxe2 5. Qxe2 Qxd5 6. Nf3 Nc6 7. c4 Qe4 8. Be3 e6 9. O-O O-O-O 10. Nc3 Qg4 11. Rfd1 Bd6 12. a3 g5 13. b4 Rhg8 14. d5 exd5 15. Nxd5 Nxd5 16. Rxd5 Qh5 17. Rad1 Bxh2+ 18. Kf1 Be5 19. Ng1 Qxe2+ 20. Kxe2 Rxd5 21. Rxd5 f6 22. Nf3 Ne7 23. Ra5 Nc6 24. Rd5 Re8 25. b5 Ne7 26. Rd1 Nf5 27. Rh1 Bf4 28. Rxh7 Bxe3 29. fxe3 Rxe3+ 30. Kf2 Rxa3 31. Rf7 Ra2+ 32. Kg1 Ne3 33. Rxf6 g4 34. Ne5 Rxg2+ 35. Kh1 Kd8 36. Re6 Re2 37. Nxg4 Re1+ 38. Kh2 Nxg4+ 39. Kg3 Rxe6 40. Kxg4 Re4+ 0-1


[Site "https://www.chess.com"]

[Event "Titled Tuesday Blitz April 12 Early 2022"]
[White "Pajeken, Jakob Leon"]
[Black "Hernandez Jimenez, Alexander Andres"]
[WhiteFideId "12942839"]
[BlackFideId "3900452"]
[WhiteElo "2351"]
[BlackElo "2098"]
[Result "1-0"]
[Round "03"]
[TimeControl "180+1"]
[Date "2022.04.13"]
[WhiteClock "0:01:03"]
[BlackClock "0:00:04"]

1. d4 Nf6 2. c4 e6 3. Nc3 Bb4 4. Nf3 c5 5. e3 d5 6. cxd5 exd5 7. Bd2 Nc6 8. dxc5 O-O 9. Bd3 Bxc5 10. O-O Bg4 11. Rc1 Ne5 12. Be2 Nc4 13. b3 Nxd2 14. Qxd2 Bb4 15. Qd4 Qa5 16. Nxd5 Nxd5 17. Qxg4 Nc3 18. Bc4 Qxa2 19. Nd4 b5 20. Bxb5 Nxb5 21. Nf5 g6 22. Qxb4 gxf5 23. Qxb5 Rab8 24. Qxf5 Qxb3 25. Rb1 Qe6 26. Qg5+ Qg6 27. Qxg6+ hxg6 28. Ra1 Rb7 29. Ra6 Ra8 30. Rfa1 Kg7 31. g4 f6 32. Kg2 g5 33. Kg3 Kg6 34. h4 gxh4+ 35. Kxh4 Rh8+ 36. Kg3 Rhh7 37. R1a3 Rhe7 38. f4 Rbd7 39. g5 Rf7 40. Kg4 Kg7 41. gxf6+ Kg6 42. e4 Rd1 43. f5+ Kh7 44. Rh3+ Kg8 45. Rc6 Rg1+ 46. Kf4 Rf1+ 47. Rf3 Rxf3+ 48. Kxf3 a5 49. e5 Ra7 50. e6 a4 51. Rc8+ Kh7 52. e7 1-0


[Site "https://www.chess.com"]

[Event "Titled Tuesday Blitz April 12 Early 2022"]
[White "Pakleza, Zbigniew"]
[Black "Abdusattorov, Nodirbek"]
[WhiteFideId "1119290"]
[BlackFideId "14204118"]
[WhiteElo "2467"]
[BlackElo "2663"]
[Result "0-1"]
[Round "03"]
[TimeControl "180+1"]
[Date "2022.04.12"]
[WhiteClock "0:00:02"]
[BlackClock "0:00:39"]

1. Nf3 g6 2. c4 Bg7 3. Nc3 c5 4. g3 Nf6 5. Bg2 d5 6. cxd5 Nxd5 7. O-O O-O 8. Qc2 Nc6 9. a3 c4 10. Ne4 Nb6 11. Rd1 Bg4 12. d3 Bxf3 13. exf3 Nd4 14. Qb1 Na4 15. Kf1 Nb3 16. Ra2 Nxc1 17. Qxc1 cxd3 18. Qe3 Nxb2 19. Rb1 Nc4 20. Qc5 Rc8 21. Qxa7 Qd5 22. Kg1 d2 23. Rd1 Nb2 24. Rxb2 Bxb2 25. Bf1 Rc1 26. Qa4 Rxd1 27. Qxd1 Rd8 28. Be2 Bxa3 29. Kg2 Bb4 30. Qa4 Qd4 31. Bd1 Bc5 32. Qb5 b6 33. g4 Kg7 34. g5 Rd5 35. h4 Re5 0-1


[Site "https://www.chess.com"]

[Event "Titled Tuesday Blitz April 12 Early 2022"]
[White "Papadiamandis, Elliot"]
[Black "Wagner, Dinara"]
[WhiteFideId "36074160"]
[BlackFideId "24157570"]
[WhiteElo "2088"]
[BlackElo "2216"]
[Result "1-0"]
[Round "03"]
[TimeControl "180+1"]
[Date "2022.04.13"]
[WhiteClock "0:01:11"]
[BlackClock "0:00:02"]

1. e4 c5 2. Nc3 d6 3. Nge2 Nf6 4. g3 g6 5. Bg2 Bg7 6. O-O O-O 7. d3 Nc6 8. f4 Rb8 9. h3 Bd7 10. Be3 b5 11. Qd2 b4 12. Nd1 a5 13. f5 Ne5 14. g4 Bc6 15. Ng3 d5 16. g5 Ne8 17. Bxc5 dxe4 18. Nxe4 gxf5 19. Rxf5 Bxe4 20. Bxe4 Nd6 21. Bxd6 Qxd6 22. Nf2 Nc4 23. Qe2 Qg3+ 24. Kh1 Ne3 25. Rg1 Nxf5 26. Bxf5 Qe5 27. Qg4 Rfd8 28. Be4 Qd4 29. Qf5 Kf8 30. Ng4 Rd6 31. Rf1 f6 32. Qxh7 Rb5 33. g6 a4 34. Nh6 Bxh6 35. Qxh6+ Ke8 36. g7 Kd7 37. g8=Q Rg5 38. Qa8 Qe3 39. Qb7+ Ke6 40. Bf5+ Ke5 41. Qe4+ Qxe4+ 42. Bxe4 f5 43. Qxg5 1-0


[Site "https://www.chess.com"]

[Event "Titled Tuesday Blitz April 12 Early 2022"]
[White "Paravyan, David"]
[Black "Molina, Roberto Junio Brito"]
[WhiteFideId "4194985"]
[BlackFideId "2109450"]
[WhiteElo "2569"]
[BlackElo "2432"]
[Result "1-0"]
[Round "03"]
[TimeControl "180+1"]
[Date "2022.04.12"]
[WhiteClock "0:01:33"]
[BlackClock "0:01:31"]

1. e4 c6 2. d4 d5 3. e5 Bf5 4. Nf3 e6 5. Be2 Nd7 6. O-O h6 7. c4 dxc4 8. Bxc4 Ne7 9. Nc3 Nb6 10. Bd3 Qd7 11. Re1 Bxd3 12. Qxd3 Ned5 13. Ne4 Be7 14. a3 O-O-O 15. Bd2 Kb8 16. Rac1 Rc8 17. Ba5 Na8 18. Qb3 b6 19. Bd2 Rhd8 20. Rc2 Nac7 21. Rec1 Ne8 22. h3 Ka8 23. Qa4 Kb7 24. b4 Rc7 25. Qb3 g5 26. a4 f5 27. exf6 Nexf6 28. Ne5 Qe8 29. Ng3 Bd6 30. Nxc6 Rxc6 31. Rxc6 Qxc6 32. Rxc6 Kxc6 33. Nf1 Kd7 34. Ne3 Nf4 35. g3 Ne2+ 36. Kg2 Nxd4 37. Qd3 e5 38. Bc3 Ke7 39. Bxd4 1-0


[Site "https://www.chess.com"]

[Event "Titled Tuesday Blitz April 12 Early 2022"]
[White "Pichot, Alan"]
[Black "Sarana, Alexey"]
[WhiteFideId "110973"]
[BlackFideId "24133795"]
[WhiteElo "2579"]
[BlackElo "2666"]
[Result "0-1"]
[Round "03"]
[TimeControl "180+1"]
[Date "2022.04.12"]
[WhiteClock "0:01:16"]
[BlackClock "0:00:21"]

1. e4 c5 2. Nf3 d6 3. d4 cxd4 4. Nxd4 Nf6 5. Nc3 a6 6. Bg5 e6 7. f4 Nbd7 8. Qe2 Qc7 9. O-O-O b5 10. a3 Rb8 11. Bh4 b4 12. axb4 Rxb4 13. Be1 Qb6 14. Bf2 Qb7 15. g4 d5 16. Bg2 Rxb2 17. exd5 Ba3 18. dxe6 Rxc2+ 19. Kxc2 Qb2+ 20. Kd3 Nc5+ 21. Ke3 Qxc3+ 22. Rd3 Qxd3+ 23. Qxd3 Nxg4+ 24. Ke2 Nxd3 25. Bc6+ Kf8 26. Bg3 Nc5 27. Ra1 Bb2 28. Rb1 Bxd4 29. Rb8 Ke7 0-1


[Site "https://www.chess.com"]

[Event "Titled Tuesday Blitz April 12 Early 2022"]
[White "Piesik, Piotr"]
[Black "Shimanov, Aleksandr"]
[WhiteFideId "1136194"]
[BlackFideId "4198603"]
[WhiteElo "2190"]
[BlackElo "2636"]
[Result "0-1"]
[Round "03"]
[TimeControl "180+1"]
[Date "2022.04.12"]
[WhiteClock "0:00:13"]
[BlackClock "0:00:07"]

1. Nf3 Nf6 2. g3 g6 3. Bg2 Bg7 4. O-O c5 5. c3 O-O 6. d4 Qc7 7. Re1 d5 8. Na3 Bf5 9. Bf4 Qb6 10. Qb3 Qxb3 11. axb3 Nbd7 12. Nb5 a6 13. Na3 Rac8 14. Ne5 cxd4 15. cxd4 Nxe5 16. Bxe5 Ne4 17. Bxg7 Kxg7 18. Rac1 Rfd8 19. Bxe4 Bxe4 20. f3 Bf5 21. g4 Bd7 22. Nc2 Kf6 23. Nb4 Ke6 24. Kf2 Kd6 25. Rc3 a5 26. Nd3 Rxc3 27. bxc3 b6 28. g5 Rc8 29. Rc1 f6 30. h4 Bf5 31. Ke3 Rc7 32. Nf2 b5 33. Kd2 a4 34. bxa4 bxa4 35. Ra1 Ra7 36. e4 Bd7 37. Nd3 dxe4 38. fxe4 f5 39. e5+ Kd5 40. Ra3 Bb5 41. Nc5 f4 42. Nd3 f3 43. Nf2 Kc4 44. Ke3 Bc6 45. Ng4 Rb7 46. e6 Rb3 47. Ne5+ Kd5 48. Rxb3 axb3 49. Nxf3 b2 50. Nd2 Ba4 51. c4+ Kxe6 52. Kd3 Kf5 53. Kc3 Kg4 54. Kxb2 Kxh4 55. Ne4 Kg4 56. d5 Kf4 57. Nf6 Kxg5 58. Nxh7+ Kf5 59. Kc3 g5 60. Nxg5 Kxg5 61. Kb4 Be8 62. c5 Kf5 63. c6 Ke5 64. Kc5 Bg6 65. c7 Bf5 66. Kc6 Bc8 67. Kc5 Bd7 68. Kc4 Kd6 69. Kd4 Kxc7 70. Ke5 Kb6 71. d6 e6 72. Kf6 Kc6 73. Ke7 e5 0-1


[Site "https://www.chess.com"]

[Event "Titled Tuesday Blitz April 12 Early 2022"]
[White "Politov, Pavel Y."]
[Black "Jaskolka, Tomasz"]
[WhiteFideId "24110515"]
[BlackFideId "1170791"]
[WhiteElo "2090"]
[BlackElo "2073"]
[Result "0-1"]
[Round "03"]
[TimeControl "180+1"]
[Date "2022.04.13"]
[WhiteClock "0:00:08"]
[BlackClock "0:00:32"]

1. e4 c5 2. Nf3 e6 3. d4 cxd4 4. Nxd4 Nc6 5. Nc3 Qc7 6. Be3 a6 7. Qf3 Nf6 8. O-O-O Be7 9. Qg3 d6 10. Qxg7 Rg8 11. Qh6 b5 12. f3 Bb7 13. g4 b4 14. Nce2 Rc8 15. Rd2 Qa5 16. Kb1 Ne5 17. g5 Nfd7 18. Qxh7 Rf8 19. Nf4 Nc5 20. g6 fxg6 21. Nxg6 Rf7 22. Qg8+ Bf8 23. Nxf8 Rxf8 24. Qh7 Nxf3 25. Nxf3 Bxe4 26. Qh5+ Kd7 27. Bg2 b3 28. Ne5+ Kc7 29. axb3 Nxb3 0-1


[Site "https://www.chess.com"]

[Event "Titled Tuesday Blitz April 12 Early 2022"]
[White "Pranav, V"]
[Black "Palachev, Petr"]
[WhiteFideId "25060783"]
[BlackFideId "24129003"]
[WhiteElo "2349"]
[BlackElo "2339"]
[Result "1-0"]
[Round "03"]
[TimeControl "180+1"]
[Date "2022.04.12"]
[WhiteClock "0:00:31"]
[BlackClock "0:00:10"]

1. Nf3 d5 2. g3 g6 3. Bg2 Bg7 4. O-O Nf6 5. d3 O-O 6. Nbd2 c5 7. e4 Nc6 8. exd5 Nxd5 9. Re1 e5 10. a4 Re8 11. Nc4 h6 12. Nfd2 Bf5 13. Ne4 Bf8 14. Bd2 Nf6 15. Nxf6+ Qxf6 16. Bc3 Rad8 17. Qf3 h5 18. h3 Bg7 19. g4 hxg4 20. hxg4 Bc8 21. Qxf6 Bxf6 22. Bxc6 bxc6 23. Bxe5 Bh4 24. Bc7 Rxe1+ 25. Rxe1 Rf8 26. Bd6 Rd8 27. Bxc5 Be6 28. b3 a6 29. Ne5 Rd5 30. d4 Bf6 31. c4 Rd8 32. Nxc6 Rc8 33. d5 Bxg4 34. Be7 Bc3 35. Re3 Bd2 36. Rd3 Bf4 37. Rd4 g5 38. Bxg5 Bxg5 39. Rxg4 1-0


[Site "https://www.chess.com"]

[Event "Titled Tuesday Blitz April 12 Early 2022"]
[White "Raahul V S"]
[Black "Kubicka, Anna"]
[WhiteFideId "25035525"]
[BlackFideId "1152254"]
[WhiteElo "2185"]
[BlackElo "2000"]
[Result "1-0"]
[Round "03"]
[TimeControl "180+1"]
[Date "2022.04.13"]
[WhiteClock "0:00:42"]
[BlackClock "0:00:31"]

1. c4 e5 2. Nc3 Nc6 3. g3 g6 4. Bg2 Bg7 5. e3 f5 6. Nge2 Nf6 7. O-O O-O 8. d3 d6 9. Rb1 a5 10. a3 Be6 11. b4 axb4 12. axb4 d5 13. d4 Ne4 14. Nxe4 fxe4 15. cxd5 Bxd5 16. b5 Ne7 17. dxe5 Bxe5 18. Bb2 Qd6 19. Qc2 Ra2 20. Bxe5 Rxc2 21. Bxd6 cxd6 22. Nf4 Bc4 23. Bxe4 Ra2 24. Rfd1 d5 25. Bd3 g5 26. Bxc4 dxc4 27. Ne6 Rfxf2 28. Rd8+ Kf7 29. Rf8+ Kxe6 30. Rxf2 Ra4 31. Rd2 Nd5 32. Rbd1 Nc3 33. Rd6+ Ke5 34. R1d2 Ne4 35. R2d5# 1-0


[Site "https://www.chess.com"]

[Event "Titled Tuesday Blitz April 12 Early 2022"]
[White "Rabineau, Clement"]
[Black "Cagara, Paulina"]
[WhiteFideId "628891"]
[BlackFideId "1124870"]
[WhiteElo "2237"]
[BlackElo "1780"]
[Result "1-0"]
[Round "03"]
[TimeControl "180+1"]
[Date "2022.04.13"]
[WhiteClock "0:00:09"]
[BlackClock "0:00:38"]

1. e4 c6 2. d4 d5 3. f3 e6 4. Nc3 Bb4 5. Qd3 Nf6 6. Be3 dxe4 7. fxe4 Ng4 8. Bf4 e5 9. dxe5 Qxd3 10. Bxd3 Nd7 11. Nf3 Bxc3+ 12. bxc3 f6 13. exf6 Ngxf6 14. Bd6 h6 15. O-O-O Kf7 16. e5 Ng4 17. Nh4 g5 18. Bc4+ Kg7 19. Nf5+ Kg6 20. Ne7+ Kg7 21. Nf5+ Kg6 22. Ne7+ Kg7 23. Rde1 Rf8 24. h3 Nf2 25. Rhf1 Rf4 26. Bb3 Nb6 27. e6 Rf8 28. Be5+ Kh7 29. Nxc8 Raxc8 30. e7 Rf5 31. Be6 Kg6 32. Bxc8 Nxc8 33. e8=Q+ Kh7 34. Rxf2 Rxf2 35. Qxc8 1-0


[Site "https://www.chess.com"]

[Event "Titled Tuesday Blitz April 12 Early 2022"]
[White "Rohith Krishna S"]
[Black "Bortnyk, Olexandr"]
[WhiteFideId "46617051"]
[BlackFideId "14120828"]
[WhiteElo "2117"]
[BlackElo "2723"]
[Result "0-1"]
[Round "03"]
[TimeControl "180+1"]
[Date "2022.04.12"]
[WhiteClock "0:00:25"]
[BlackClock "0:01:34"]

1. d4 d6 2. Nf3 f5 3. g3 Nf6 4. Bg2 g6 5. O-O Bg7 6. c4 O-O 7. Nc3 c6 8. b3 Qa5 9. Bb2 e5 10. dxe5 dxe5 11. e4 f4 12. Qe2 Bg4 13. h3 Bxf3 14. Bxf3 Nbd7 15. Rfd1 Nc5 16. gxf4 Ne6 17. fxe5 Nf4 18. Qf1 Qxe5 19. Rd2 Nxh3+ 20. Kh1 Qf4 21. Qxh3 Qxd2 22. Na4 Qxf2 23. Rf1 Ng4 24. Bg2 Qxf1+ 25. Bxf1 Nf2+ 26. Kg1 Nxh3+ 27. Bxh3 Bxb2 0-1


[Site "https://www.chess.com"]

[Event "Titled Tuesday Blitz April 12 Early 2022"]
[White "Rostovtsev, Dmitry"]
[Black "Grandelius, Nils"]
[WhiteFideId "34278320"]
[BlackFideId "1710400"]
[WhiteElo "2272"]
[BlackElo "2617"]
[Result "0-1"]
[Round "03"]
[TimeControl "180+1"]
[Date "2022.04.12"]
[WhiteClock "0:01:32"]
[BlackClock "0:01:31"]

1. c4 e6 2. Nf3 d5 3. g3 dxc4 4. Bg2 a6 5. O-O Nc6 6. a4 e5 7. Nc3 Nf6 8. Ng5 Be7 9. a5 O-O 10. Qa4 h6 11. Nge4 Nxe4 12. Bxe4 Nb4 13. Na2 Bd7 14. Qd1 Bc6 15. Bxc6 Nxc6 16. Nc3 Qd7 17. Qa4 Qe6 18. Rb1 Nd4 19. Rd1 b5 20. axb6 cxb6 21. Kg2 b5 22. Qa2 b4 23. Ne4 f5 0-1


[Site "https://www.chess.com"]